Map: Dusk Towers

Players

LilDicky - Winner!

  • Race: Terran Terran
  • League: Diamond

SkYSToRM

  • Race: Terran Terran
  • League: Diamond

VOD

http://www.twitch.tv/tumescentpie

Description

Time

  • Played on: Dec. 31, 2015, 3:18 p.m.
  • Length: 5:37
Show
View Real Time Build Order
Export as new Build Order

LilDicky Terran - Winner!

Build Orders: 1/1/1, Liberator Opening 

Get SALT Encoding   

  12  0:02  SCV  
  13  0:14  SCV  
  13  0:19  Supply Depot  
  14  0:26  SCV  
  15  0:30  Refinery  
  15  0:40  SCV  
  16  0:52  SCV, Barracks  
  17  1:04  SCV  
  17  1:09  Refinery  
  18  1:16  SCV  
  20  1:32  SCV  
  20  1:39  Marine  
  21  1:42  Factory  
  21  1:44  Orbital Command  
  21  1:52  Supply Depot  
  21  2:01  Marine  
  22  2:12  SCV  
  23  2:19  Marine  
  24  2:26  Factory Tech Lab  
  24  2:27  Starport  
  24  2:31  SCV  
  25  2:37  Marine  
  26  2:46  Siege Tank  
  26  2:48  SCV  
  30  2:56  Marine  
  31  2:59  Liberator  
  31  3:10  Supply Depot  
  31  3:16  Marine  
  31  3:19  Siege Tank  
  38  3:25  SCV  
  39  3:32  Engineering Bay  
  39  3:34  Supply Depot  
  39  3:36  Marine  
  39  3:37  SCV  
  41  3:46  Supply Depot  
  41  3:49  SCV  
  41  3:51  Siege Tank  
  45  3:59  Viking  
  47  4:07  SCV  
  48  4:16  Marine  
  49  4:19  SCV  
  49  4:22  Missile Turret  
  49  4:23  Siege Tank  
  53  4:31  SCV  
  54  4:43  SCV  
  57  5:00  Marine  
  58  5:18  Marine  
Show
View Real Time Build Order
Export as new Build Order

SkYSToRM Terran 

Build Orders: Reaper Expand 

Get SALT Encoding   

  12  0:01  SCV  
  13  0:13  SCV  
  14  0:18  Supply Depot  
  14  0:25  SCV  
  15  0:40  SCV  
  15  0:42  Barracks  
  16  0:46  Refinery  
  16  0:52  SCV  
  17  1:04  SCV  
  18  1:16  SCV  
  19  1:31  Orbital Command  
  19  1:33  Reaper  
  20  1:45  Command Center  
  20  1:55  Supply Depot  
  20  2:04  SCV  
  20  2:06  Refinery  
  20  2:07  Barracks Reactor  
  20  2:18  SCV  
  21  2:24  Factory  
  21  2:32  SCV  
  22  2:44  SCV, Marine x2  
  25  2:56  SCV  
  26  3:02  Marine x2  
  26  3:04  Orbital Command  
  28  3:12  Factory Tech Lab  
  28  3:15  SCV  
  28  3:16  Starport  
  29  3:20  Marine  
  30  3:27  SCV  
  30  3:33  Siege Tank, Refinery  
  34  3:39  SCV  
  35  3:41  Engineering Bay  
  35  3:50  Marine x2  
  35  3:52  SCV  
  38  3:56  Starport Reactor  
  38  4:06  SCV, Barracks  
  39  4:16  SCV  
  40  4:20  Missile Turret  
  40  4:22  Missile Turret  
  40  4:30  SCV  
  40  4:31  Siege Tank  
  44  4:37  SCV  
  45  4:48  Supply Depot  
  45  4:50  Viking  
  43  5:09  Marine  
  46  5:17  Supply Depot  
  46  5:19  Supply Depot  
Tags
 
Add a new tag
Caveats
  • Supply blocks, unpowered buildings, or Contaminate may cause inaccurate times.
  • Supply counts are checked every 10 seconds.